Crunch vs Devils
Created - January 3, 2023 at 19:02
Goals
|
| Crunch |
1 |
2 |
1 |
4 |
| Devils |
1 |
3 |
4 |
8 |
|
Shots
|
| Crunch |
7 |
16 |
8 |
31 |
| Devils |
16 |
11 |
16 |
43 |
|
1st period
1. Devils , Damon Severson 1 (Darren Dietz 16, Brett Howden 4) at 7:17
2. Crunch , Axel Holmstrom 6 (Denis Gurianov 6, Brandon Hagel 14) at 16:40
Penalties :
No Penalty
2nd period
3. Devils , Miikka Salomaki 15 (Joonas Donskoi 11, Reid Boucher 8) at 1:40
4. Devils , Mason Marchment 6 (Brett Howden 5, Ilya Lyubushkin 8) at 6:40
5. Crunch , Jacob Josefson 11 (Jordan Oesterle 15) at 6:48
6. Devils , Mason Marchment 7 (Brett Howden 6, Ilya Lyubushkin 9) at 13:58
7. Crunch , Joel Vermin 5 (Michael Ferland 6, Jeremy Lauzon 13) at 14:50
Penalties :
Jake Bean (Bin) for Holding (Minor) at 10:20, Teemu Hartikainen (Syr) for Tripping (Minor) at 16:26
3rd period
8. Devils , Ondrej Kase 7 (Robbie Russo 6, Valeri Nichushkin 13) at 1:49
9. Crunch , Anatoli Golyshev 2 (Max McCormick 2) at 6:15
10. Devils , Christian Wolanin 3 (Miikka Salomaki 14) at 10:32
11. Devils , Alan Quine 10 (Ondrej Kase 12, Damon Severson 12) at 13:43
12. Devils , Robbie Russo 1 (Brett Howden 7) at 16:37
Penalties :
Brett Howden (Bin) for Hooking (Minor) at 3:16, Teemu Hartikainen (Syr) for Cross-checking (Minor) at 10:41
Goalie Stats
Kaapo Kahkonen (Syr), 35 saves from 43 shots - (0.814), L, 3-7-1, 60:00 minutes
Calvin Pickard (Bin), 27 saves from 31 shots - (0.871), W, 13-4-1, 60:00 minutes
Players Stats for Crunch
Player Name G A P +/- PIM S H SB GA TA FO MP PP MP PK MP
------------------------------------------------------------------------------------
Anatoli Golyshev 1 0 1 -2 0 1 1 1 2 0 0/1 9:42 0:00 0:00
Anthony Cirelli 0 0 0 0 0 2 1 0 1 0 1/2 22:20 2:10 2:15
Axel Holmstrom 1 0 1 -1 0 3 4 0 0 2 5/10 15:51 1:48 1:43
Blake Hillman 0 0 0 1 0 0 0 0 0 0 0/0 4:21 0:00 0:00
Blake Lizotte 0 0 0 -2 0 0 0 0 0 0 2/3 10:26 0:00 0:44
Brandon Hagel 0 1 1 -1 0 3 2 1 0 0 0/0 14:05 1:48 0:00
Brendan Guhle 0 0 0 0 0 2 0 2 0 0 0/0 19:53 1:37 1:57
Charles-Olivier Roussel 0 0 0 -4 0 1 0 0 1 0 0/0 11:16 0:25 0:00
Connor Bunnaman 0 0 0 -1 0 0 1 0 1 0 3/8 12:02 0:00 0:00
Denis Gurianov 0 1 1 -1 0 2 1 0 0 0 1/2 14:05 1:48 0:00
Jacob Josefson 1 0 1 0 0 6 2 0 1 0 18/38 19:51 2:09 0:01
Jeremy Lauzon 0 1 1 0 0 1 0 1 1 1 0/0 19:53 1:37 1:57
Joel Vermin 1 0 1 -1 0 2 1 1 0 0 0/0 12:02 0:00 0:00
Jordan Oesterle 0 1 1 -1 0 1 0 3 1 1 0/0 24:30 1:56 2:01
Max McCormick 0 1 1 -2 0 0 0 0 0 0 0/0 9:42 0:00 0:00
Michael Downing 0 0 0 1 0 0 0 0 0 0 0/0 4:21 0:00 0:00
Michael Ferland 0 1 1 -1 0 2 2 0 1 0 1/1 13:54 0:00 2:08
Nikita Gusev 0 0 0 0 0 0 0 0 0 0 0/0 1:52 0:02 1:05
Rem Pitlick 0 0 0 0 0 0 0 0 0 0 0/0 0:20 0:01 0:00
Roland McKeown 0 0 0 -1 0 1 1 1 0 1 0/0 24:30 1:56 2:01
Sean Walker 0 0 0 -4 0 0 0 0 0 1 0/0 11:16 0:25 0:00
Teemu Hartikainen 0 0 0 0 4 4 1 1 3 1 0/1 19:48 2:08 0:00
Players Stats for Devils
Player Name G A P +/- PIM S H SB GA TA FO MP PP MP PK MP
------------------------------------------------------------------------------------
Alan Quine 1 0 1 1 0 5 0 0 0 1 18/28 19:19 1:44 2:02
Brett Howden 0 4 4 4 2 2 0 0 0 0 1/5 10:04 0:00 0:00
Brett Seney 0 0 0 -2 0 1 2 0 0 1 0/0 14:06 0:00 1:01
Christian Wolanin 1 0 1 0 0 4 0 2 1 1 0/0 18:58 1:18 1:51
Conor Garland 0 0 0 -2 0 3 1 2 0 1 0/2 13:02 0:00 0:00
Damon Severson 1 1 2 2 0 3 0 2 0 1 0/0 26:41 2:40 2:07
Darren Dietz 0 1 1 2 0 4 0 4 2 0 0/0 26:41 2:40 2:07
Eeli Tolvanen 0 0 0 4 0 1 1 0 0 1 0/0 10:03 0:00 0:00
Ilya Lyubushkin 0 2 2 0 0 0 0 2 0 0 0/0 18:58 1:18 1:51
Jake Bean 0 0 0 2 2 1 0 1 0 1 0/0 10:03 0:00 0:00
Jonny Brodzinski 0 0 0 -2 0 0 4 1 0 1 2/8 14:06 0:00 1:01
Joonas Donskoi 0 1 1 1 0 0 3 0 0 0 1/1 15:37 2:14 0:00
Mason Marchment 2 0 2 4 0 4 0 1 1 1 0/0 10:03 0:00 0:00
Miikka Salomaki 1 1 2 1 0 8 0 0 0 0 0/0 17:41 2:14 2:02
Ondrej Kase 1 1 2 1 0 2 0 0 3 0 1/2 17:15 1:44 0:00
Reid Boucher 0 1 1 1 0 3 2 0 0 0 10/18 16:32 2:14 0:55
Robbie Russo 1 1 2 2 0 2 2 0 0 1 0/0 10:01 0:00 0:00
Valeri Nichushkin 0 1 1 1 0 0 0 2 0 0 2/2 18:10 1:44 0:55
Vincent Desharnais 0 0 0 0 0 0 0 0 0 0 0/0 4:20 0:00 0:00
Wyatt Kalynuk 0 0 0 0 0 0 0 0 0 2 0/0 4:20 0:00 0:00
3 Stars
1 - Mason Marchment (Bin)
2 - Brett Howden (Bin)
3 - Robbie Russo (Bin)
Power Play
Crunch - 0 on 2 Attempt(s) - 0.00%
Devils - 0 on 2 Attempt(s) - 0.00%
Penalty Kill
Crunch - 2 on 2 Attempt(s) - 100.00%
- Score 0 goal in Penalty Kill
Devils - 2 on 2 Attempt(s) - 100.00%
- Score 0 goal in Penalty Kill
Team Stat
Crunch - Hits : 17 - Faceoff Wins : 31 - Blocked Shots : 11 - Penalty Minutes : 4
Devils - Hits : 15 - Faceoff Wins : 35 - Blocked Shots : 17 - Penalty Minutes : 4
Official
Referees : Jean Hebert and Chris Lee
Linesman : Greg Devorski and Devin Berg
Game Notes
7:17 of 1st period - Devils goal is going for a video replay. After video review, Goal.
Finance
Level 1 -- Attendance: 1847 (92.35%) -- Ticket Income $64,645
Level 2 -- Attendance: 993 (99.30%) -- Ticket Income $14,895
Total Attendance: 2840 (94.67%)
Total Ticket Income: $79,540
Other Income: $3,977
Total Income: $83,517
Crunch
5 vs 5 Forward
Center Left Wing Right Wing Time % Phy DF OF
1 Jacob Josefson Teemu Hartikainen Anthony Cirelli 40 1 2 2
2 Axel Holmstrom Brandon Hagel Denis Gurianov 30 1 2 2
3 Connor Bunnaman Michael Ferland Joel Vermin 20 1 2 2
4 Blake Lizotte Anatoli Golyshev Max McCormick 10 1 2 2
5 vs 5 Defense
Defense Defense Time % Phy DF OF
1 Roland McKeown Jordan Oesterle 40 1 2 2
2 Brendan Guhle Jeremy Lauzon 30 1 2 2
3 Sean Walker Charles-Olivier Roussel 20 1 2 2
4 Michael Downing Blake Hillman 10 1 2 2
PowerPlay Forward
Center Left Wing Right Wing Time % Phy DF OF
1 Jacob Josefson Teemu Hartikainen Anthony Cirelli 60 1 2 2
2 Axel Holmstrom Brandon Hagel Denis Gurianov 40 1 2 2
PowerPlay Defense
Defense Defense Time % Phy DF OF
1 Roland McKeown Jordan Oesterle 60 1 2 2
2 Brendan Guhle Jeremy Lauzon 40 1 2 2
Penalty Kill 4 Players Forward
Center Wing Time % Phy DF OF
1 Teemu Hartikainen Anthony Cirelli 60 1 2 2
2 Denis Gurianov Brandon Hagel 40 1 2 2
Penalty Kill 4 Players Defense
Defense Defense Time % Phy DF OF
1 Roland McKeown Jordan Oesterle 60 1 2 2
2 Brendan Guhle Jeremy Lauzon 40 1 2 2
Penalty Kill - 3 Players Forward
Forward Time % Phy DF OF
1 Teemu Hartikainen 60 1 2 2
2 Anthony Cirelli 40 1 2 2
Penalty Kill - 3 Players Defense
Defense Defense Time % Phy DF OF
1 Roland McKeown Jordan Oesterle 60 1 2 2
2 Brendan Guhle Jeremy Lauzon 40 1 2 2
4 vs 4 Forward
Center Wing Time % Phy DF OF
1 Teemu Hartikainen Anthony Cirelli 60 1 2 2
2 Denis Gurianov Brandon Hagel 40 1 2 2
4 vs 4 Defense
Defense Defense Time % Phy DF OF
1 Roland McKeown Jordan Oesterle 60 1 2 2
2 Brendan Guhle Jeremy Lauzon 40 1 2 2
Last Minutes Offensive
Center Left Wing Right Wing Defense Defense
Jacob Josefson Teemu Hartikainen Anthony Cirelli Roland McKeown Jordan Oesterle
Last Minutes Defensive
Center Left Wing Right Wing Defense Defense
Jacob Josefson Teemu Hartikainen Anthony Cirelli Roland McKeown Jordan Oesterle
Goaltenders
Starting : Kaapo Kahkonen
Backup : Jordan Binnington
Extra Forwards
Normal : Nikita Gusev, Rem Pitlick, Michael Ferland - PP : Nikita Gusev, Rem Pitlick - PK : Michael Ferland
Extra Defensemen
Normal : Sean Walker, Charles-Olivier Roussel, Michael Downing - PP : Sean Walker - PK : Charles-Olivier Roussel, Michael Downing
Penalty Shots
Teemu Hartikainen, Anthony Cirelli, Denis Gurianov, Brandon Hagel, Michael Ferland
Scratches
Christoffer Ehn (Strained Groin Injury), Noah Hanifin (Back Injury), Josef Korenar (Healthy)
Devils
5 vs 5 Forward
Center Left Wing Right Wing Time % Phy DF OF
1 Alan Quine Valeri Nichushkin Ondrej Kase 35 0 2 3
2 Reid Boucher Miikka Salomaki Joonas Donskoi 30 0 2 3
3 Jonny Brodzinski Brett Seney Conor Garland 25 0 2 3
4 Brett Howden Mason Marchment Eeli Tolvanen 10 0 2 3
5 vs 5 Defense
Defense Defense Time % Phy DF OF
1 Damon Severson Darren Dietz 40 0 3 2
2 Ilya Lyubushkin Christian Wolanin 30 0 3 2
3 Robbie Russo Jake Bean 20 0 3 2
4 Wyatt Kalynuk Vincent Desharnais 10 0 3 2
PowerPlay Forward
Center Left Wing Right Wing Time % Phy DF OF
1 Alan Quine Valeri Nichushkin Ondrej Kase 60 0 1 4
2 Reid Boucher Miikka Salomaki Joonas Donskoi 40 0 1 4
PowerPlay Defense
Defense Defense Time % Phy DF OF
1 Damon Severson Darren Dietz 60 0 2 3
2 Ilya Lyubushkin Christian Wolanin 40 0 2 3
Penalty Kill 4 Players Forward
Center Wing Time % Phy DF OF
1 Alan Quine Miikka Salomaki 60 1 3 1
2 Reid Boucher Valeri Nichushkin 40 1 3 1
Penalty Kill 4 Players Defense
Defense Defense Time % Phy DF OF
1 Damon Severson Darren Dietz 60 1 4 0
2 Ilya Lyubushkin Christian Wolanin 40 1 4 0
Penalty Kill - 3 Players Forward
Forward Time % Phy DF OF
1 Alan Quine 60 1 3 1
2 Reid Boucher 40 1 3 1
Penalty Kill - 3 Players Defense
Defense Defense Time % Phy DF OF
1 Damon Severson Darren Dietz 60 1 4 0
2 Ilya Lyubushkin Christian Wolanin 40 1 4 0
4 vs 4 Forward
Center Wing Time % Phy DF OF
1 Alan Quine Miikka Salomaki 60 0 2 3
2 Reid Boucher Valeri Nichushkin 40 0 2 3
4 vs 4 Defense
Defense Defense Time % Phy DF OF
1 Damon Severson Darren Dietz 60 0 3 2
2 Ilya Lyubushkin Christian Wolanin 40 0 3 2
Last Minutes Offensive
Center Left Wing Right Wing Defense Defense
Alan Quine Miikka Salomaki Ondrej Kase Damon Severson Darren Dietz
Last Minutes Defensive
Center Left Wing Right Wing Defense Defense
Alan Quine Miikka Salomaki Ondrej Kase Damon Severson Darren Dietz
Goaltenders
Starting : Calvin Pickard
Backup : Juuse Saros
Extra Forwards
Normal : Alan Quine, Reid Boucher, Conor Garland - PP : Alan Quine, Reid Boucher - PK : Alan Quine
Extra Defensemen
Normal : Jake Bean, Wyatt Kalynuk, Vincent Desharnais - PP : Jake Bean - PK : Jake Bean, Wyatt Kalynuk
Penalty Shots
Miikka Salomaki, Ondrej Kase, Valeri Nichushkin, Joonas Donskoi, Alan Quine
Scratches
Cristiano Digiacinto (Healthy), Dalton Thrower (Right Knee Injury)
% Time on Ice - Crunch
Lines # - Real PCT - Wanted PCT - Time Play
Normal Forward
1 - 35% - 40% - 18:03
2 - 24% - 30% - 12:17
3 - 23% - 20% - 12:02
4 - 19% - 10% - 9:42
Normal Defense
1 - 40% - 40% - 20:52
2 - 31% - 30% - 16:19
3 - 20% - 20% - 10:32
4 - 8% - 10% - 4:21
PP Forward
1 - 55% - 60% - 2:10
2 - 45% - 40% - 1:48
PP Defense
1 - 59% - 60% - 2:21
2 - 41% - 40% - 1:37
PK Forward
1 - 100% - 60% - 3:58
2 - 0% - 40% - 0:00
PK Defense
1 - 51% - 60% - 2:01
2 - 49% - 40% - 1:57
PK3 Forward
1 - 0% - 60%
2 - 0% - 40%
PK3 Defense
1 - 0% - 60%
2 - 0% - 40%
44 Forward
1 - 0% - 60%
2 - 0% - 40%
44 Defense
1 - 0% - 60%
2 - 0% - 40%
Last Minute Offensive - 0:00
Last Minute Defensive - 0:00
Total
Forward - 60:00
Defense - 60:00
|
% Time on Ice - Devils
Lines # - Real PCT - Wanted PCT - Time Play
Normal Forward
1 - 30% - 35% - 15:36
2 - 26% - 30% - 13:23
3 - 25% - 25% - 13:02
4 - 19% - 10% - 10:03
Normal Defense
1 - 42% - 40% - 21:54
2 - 30% - 30% - 15:49
3 - 19% - 20% - 10:01
4 - 8% - 10% - 4:20
PP Forward
1 - 44% - 60% - 1:44
2 - 56% - 40% - 2:14
PP Defense
1 - 67% - 60% - 2:40
2 - 33% - 40% - 1:18
PK Forward
1 - 77% - 60% - 3:03
2 - 23% - 40% - 0:55
PK Defense
1 - 53% - 60% - 2:07
2 - 47% - 40% - 1:51
PK3 Forward
1 - 0% - 60%
2 - 0% - 40%
PK3 Defense
1 - 0% - 60%
2 - 0% - 40%
44 Forward
1 - 0% - 60%
2 - 0% - 40%
44 Defense
1 - 0% - 60%
2 - 0% - 40%
Last Minute Offensive - 0:00
Last Minute Defensive - 0:00
Total
Forward - 60:00
Defense - 60:00
|
Play-by-Play
1st period
0:01 of 1st period - Alan Quine wins face-off versus Jacob Josefson in neutral zone.
0:06 of 1st period - Slapshot by Alan Quine.
0:06 of 1st period - Shot Misses the Net.
0:08 of 1st period - Snap shot by Darren Dietz.
0:08 of 1st period - Stopped by Kaapo Kahkonen with a rebound.
0:10 of 1st period - Wrist shot by Ondrej Kase.
0:10 of 1st period - Shot Misses the Net.
0:12 of 1st period - Wrist shot by Valeri Nichushkin.
0:12 of 1st period - Shot Misses the Net.
0:14 of 1st period - Wrist shot by Ondrej Kase.
0:14 of 1st period - Shot Misses the Net.
0:16 of 1st period - Slapshot by Darren Dietz.
0:16 of 1st period - Deflect By Roland McKeown.
0:16 of 1st period - Stopped by Kaapo Kahkonen without a rebound.
0:17 of 1st period - Axel Holmstrom wins face-off versus Reid Boucher in Crunch zone.
0:28 of 1st period - Miikka Salomaki is hit by Axel Holmstrom and loses puck.
0:43 of 1st period - Brett Seney is hit by Michael Ferland and loses puck.
1:53 of 1st period - Snap shot by Denis Gurianov.
1:53 of 1st period - Shot Misses the Net.
2:28 of 1st period - Robbie Russo is hit by Jacob Josefson and loses puck.
2:37 of 1st period - Wrist shot by Eeli Tolvanen.
2:37 of 1st period - Shot Misses the Net.
3:12 of 1st period - Denis Gurianov is hit by Reid Boucher.
3:15 of 1st period - Off-side.
3:16 of 1st period - Jacob Josefson wins face-off versus Jonny Brodzinski in neutral zone.
3:25 of 1st period - Slapshot by Jacob Josefson.
3:25 of 1st period - Stopped by Calvin Pickard without a rebound.
3:26 of 1st period - Jacob Josefson wins face-off versus Jonny Brodzinski in Devils zone.
4:02 of 1st period - Off-side.
4:03 of 1st period - Alan Quine wins face-off versus Denis Gurianov in neutral zone.
4:19 of 1st period - Wrist shot by Axel Holmstrom.
4:19 of 1st period - Stopped by Calvin Pickard without a rebound.
4:20 of 1st period - Reid Boucher wins face-off versus Connor Bunnaman in Devils zone.
4:20 of 1st period - Reid Boucher is hit by Connor Bunnaman.
4:52 of 1st period - Wrist shot by Mason Marchment.
4:52 of 1st period - Stopped by Kaapo Kahkonen with a rebound.
5:02 of 1st period - Snap shot by Michael Ferland.
5:02 of 1st period - Shot Blocked by Mason Marchment.
5:04 of 1st period - Slapshot by Joel Vermin.
5:04 of 1st period - Stopped by Calvin Pickard with a rebound.
5:06 of 1st period - Backhand shot by Michael Ferland.
5:06 of 1st period - Shot Misses the Net.
5:08 of 1st period - Slapshot by Joel Vermin.
5:08 of 1st period - Shot Blocked by Ilya Lyubushkin.
5:31 of 1st period - Off-side.
5:32 of 1st period - Alan Quine wins face-off versus Axel Holmstrom in neutral zone.
6:08 of 1st period - Slapshot by Alan Quine.
6:08 of 1st period - Stopped by Kaapo Kahkonen without a rebound.
6:09 of 1st period - Reid Boucher wins face-off versus Jacob Josefson in Crunch zone.
6:12 of 1st period - Wrist shot by Reid Boucher.
6:12 of 1st period - Deflect By Miikka Salomaki.
6:12 of 1st period - Stopped by Kaapo Kahkonen with a rebound.
6:16 of 1st period - Wrist shot by Miikka Salomaki.
6:16 of 1st period - Stopped by Kaapo Kahkonen without a rebound.
6:17 of 1st period - Anthony Cirelli wins face-off versus Reid Boucher in Crunch zone.
6:42 of 1st period - Snap shot by Teemu Hartikainen.
6:42 of 1st period - Shot Misses the Net.
7:15 of 1st period - Slapshot by Damon Severson.
7:15 of 1st period - Shot Misses the Net.
7:17 of 1st period - Slapshot by Damon Severson.
7:17 of 1st period - Devils goal is going for a video replay.
7:17 of 1st period - The goal is good.
7:17 of 1st period - Goal by Damon Severson - Crunch : 0 - Devils : 1.
7:18 of 1st period - Reid Boucher wins face-off versus Jacob Josefson in neutral zone.
7:23 of 1st period - Wrist shot by Miikka Salomaki.
7:23 of 1st period - Shot Misses the Net.
7:29 of 1st period - Snap shot by Teemu Hartikainen.
7:29 of 1st period - Shot Misses the Net.
8:01 of 1st period - Icing by Valeri Nichushkin.
8:02 of 1st period - Connor Bunnaman wins face-off versus Jonny Brodzinski in Devils zone.
8:07 of 1st period - Wrist shot by Joel Vermin.
8:07 of 1st period - Shot Misses the Net.
8:09 of 1st period - Snap shot by Jordan Oesterle.
8:09 of 1st period - Deflect By Michael Ferland.
8:09 of 1st period - Shot Blocked by Ilya Lyubushkin.
8:09 of 1st period - Puck is out of play.
8:10 of 1st period - Alan Quine wins face-off versus Jacob Josefson in Devils zone.
8:37 of 1st period - Jordan Oesterle is hit by Robbie Russo and loses puck.
9:22 of 1st period - Snap shot by Michael Ferland.
9:22 of 1st period - Stopped by Calvin Pickard without a rebound.
9:23 of 1st period - Connor Bunnaman wins face-off versus Brett Howden in Devils zone.
11:01 of 1st period - Wrist shot by Teemu Hartikainen.
11:01 of 1st period - Stopped by Calvin Pickard with a rebound.
11:03 of 1st period - Snap shot by Teemu Hartikainen.
11:03 of 1st period - Shot Blocked by Valeri Nichushkin.
11:30 of 1st period - Wrist shot by Axel Holmstrom.
11:30 of 1st period - Shot Misses the Net.
11:44 of 1st period - Wrist shot by Mason Marchment.
11:44 of 1st period - Shot Misses the Net.
11:48 of 1st period - Slapshot by Mason Marchment.
11:48 of 1st period - Shot Misses the Net.
11:52 of 1st period - Slapshot by Mason Marchment.
11:52 of 1st period - Stopped by Kaapo Kahkonen with a rebound.
13:06 of 1st period - Teemu Hartikainen is hit by Eeli Tolvanen.
13:13 of 1st period - Icing by Darren Dietz.
13:14 of 1st period - Axel Holmstrom wins face-off versus Brett Howden in Devils zone.
13:34 of 1st period - Slapshot by Damon Severson.
13:34 of 1st period - Stopped by Kaapo Kahkonen without a rebound.
13:35 of 1st period - Alan Quine wins face-off versus Jacob Josefson in Crunch zone.
13:40 of 1st period - Slapshot by Alan Quine.
13:40 of 1st period - Stopped by Kaapo Kahkonen with a rebound.
13:42 of 1st period - Wrist shot by Ilya Lyubushkin.
13:42 of 1st period - Shot Misses the Net.
13:44 of 1st period - Snap shot by Christian Wolanin.
13:44 of 1st period - Stopped by Kaapo Kahkonen without a rebound.
13:45 of 1st period - Alan Quine wins face-off versus Jacob Josefson in Crunch zone.
15:02 of 1st period - Slapshot by Darren Dietz.
15:02 of 1st period - Shot Blocked by Roland McKeown.
15:22 of 1st period - Snap shot by Anatoli Golyshev.
15:22 of 1st period - Shot Misses the Net.
15:24 of 1st period - Slapshot by Roland McKeown.
15:24 of 1st period - Shot Blocked by Valeri Nichushkin.
15:42 of 1st period - Snap shot by Miikka Salomaki.
15:42 of 1st period - Shot Blocked by Brendan Guhle.
15:44 of 1st period - Snap shot by Reid Boucher.
15:44 of 1st period - Stopped by Kaapo Kahkonen with a rebound.
15:46 of 1st period - Snap shot by Reid Boucher.
15:46 of 1st period - Stopped by Kaapo Kahkonen with a rebound.
16:01 of 1st period - Off-side.
16:02 of 1st period - Ondrej Kase wins face-off versus Teemu Hartikainen in neutral zone.
16:36 of 1st period - Wrist shot by Brandon Hagel.
16:36 of 1st period - Stopped by Calvin Pickard with a rebound.
16:38 of 1st period - Snap shot by Denis Gurianov.
16:38 of 1st period - Shot Misses the Net.
16:40 of 1st period - Snap shot by Axel Holmstrom.
16:40 of 1st period - Goal by Axel Holmstrom - Crunch : 1 - Devils : 1.
16:41 of 1st period - Jacob Josefson wins face-off versus Conor Garland in neutral zone.
16:48 of 1st period - Slapshot by Conor Garland.
16:48 of 1st period - Stopped by Kaapo Kahkonen with a rebound.
16:50 of 1st period - Slapshot by Ilya Lyubushkin.
16:50 of 1st period - Shot Blocked by Teemu Hartikainen.
16:52 of 1st period - Snap shot by Jonny Brodzinski.
16:52 of 1st period - Shot Misses the Net.
16:54 of 1st period - Backhand shot by Brett Seney.
16:54 of 1st period - Stopped by Kaapo Kahkonen with a rebound.
17:26 of 1st period - Wrist shot by Jeremy Lauzon.
17:26 of 1st period - Shot Blocked by Darren Dietz.
17:49 of 1st period - Off-side.
17:50 of 1st period - Blake Lizotte wins face-off versus Brett Howden in neutral zone.
18:53 of 1st period - Slapshot by Jake Bean.
18:53 of 1st period - Stopped by Kaapo Kahkonen with a rebound.
19:33 of 1st period - Roland McKeown is hit by Robbie Russo and loses puck.
19:38 of 1st period - Snap shot by Brett Howden.
19:38 of 1st period - Shot Hit the Post.
Goals for this period are 1 for Crunch vs 1 for Devils.
Shots for this period are 7 for Crunch vs 16 for Devils.
2nd period
0:01 of 2nd period - Jacob Josefson wins face-off versus Ondrej Kase in neutral zone.
0:05 of 2nd period - Off-side.
0:06 of 2nd period - Alan Quine wins face-off versus Jacob Josefson in neutral zone.
0:19 of 2nd period - Snap shot by Teemu Hartikainen.
0:19 of 2nd period - Deflect By Jacob Josefson.
0:19 of 2nd period - Stopped by Calvin Pickard with a rebound.
0:35 of 2nd period - Snap shot by Joonas Donskoi.
0:35 of 2nd period - Shot Misses the Net.
0:37 of 2nd period - Snap shot by Darren Dietz.
0:37 of 2nd period - Shot Misses the Net.
0:39 of 2nd period - Slapshot by Darren Dietz.
0:39 of 2nd period - Stopped by Kaapo Kahkonen with a rebound.
0:41 of 2nd period - Snap shot by Miikka Salomaki.
0:41 of 2nd period - Stopped by Kaapo Kahkonen without a rebound.
0:42 of 2nd period - Jacob Josefson wins face-off versus Jonny Brodzinski in Crunch zone.
1:17 of 2nd period - Ondrej Kase is hit by Axel Holmstrom and loses puck.
1:28 of 2nd period - Snap shot by Miikka Salomaki.
1:28 of 2nd period - Stopped by Kaapo Kahkonen without a rebound.
1:29 of 2nd period - Reid Boucher wins face-off versus Connor Bunnaman in Crunch zone.
1:40 of 2nd period - Wrist shot by Miikka Salomaki.
1:40 of 2nd period - Goal by Miikka Salomaki - Crunch : 1 - Devils : 2.
1:41 of 2nd period - Jacob Josefson wins face-off versus Alan Quine in neutral zone.
1:44 of 2nd period - Snap shot by Teemu Hartikainen.
1:44 of 2nd period - Shot Misses the Net.
1:46 of 2nd period - Snap shot by Jeremy Lauzon.
1:46 of 2nd period - Shot Blocked by Darren Dietz.
1:48 of 2nd period - Wrist shot by Teemu Hartikainen.
1:48 of 2nd period - Stopped by Calvin Pickard without a rebound.
1:49 of 2nd period - Alan Quine wins face-off versus Jacob Josefson in Devils zone.
2:13 of 2nd period - Snap shot by Teemu Hartikainen.
2:13 of 2nd period - Shot Blocked by Damon Severson.
2:15 of 2nd period - Wrist shot by Anthony Cirelli.
2:15 of 2nd period - Shot Misses the Net.
2:17 of 2nd period - Slapshot by Jeremy Lauzon.
2:17 of 2nd period - Shot Blocked by Darren Dietz.
2:19 of 2nd period - Snap shot by Jacob Josefson.
2:19 of 2nd period - Stopped by Calvin Pickard with a rebound.
2:21 of 2nd period - Backhand shot by Jeremy Lauzon.
2:21 of 2nd period - Shot Misses the Net.
2:23 of 2nd period - Slapshot by Brendan Guhle.
2:23 of 2nd period - Stopped by Calvin Pickard with a rebound.
2:25 of 2nd period - Backhand shot by Jacob Josefson.
2:25 of 2nd period - Shot Blocked by Darren Dietz.
2:27 of 2nd period - Snap shot by Teemu Hartikainen.
2:27 of 2nd period - Stopped by Calvin Pickard with a rebound.
2:29 of 2nd period - Slapshot by Jeremy Lauzon.
2:29 of 2nd period - Shot Blocked by Damon Severson.
2:31 of 2nd period - Snap shot by Brendan Guhle.
2:31 of 2nd period - Stopped by Calvin Pickard with a rebound.
2:33 of 2nd period - Snap shot by Teemu Hartikainen.
2:33 of 2nd period - Shot Misses the Net.
2:37 of 2nd period - Wrist shot by Jacob Josefson.
2:37 of 2nd period - Stopped by Calvin Pickard without a rebound.
2:38 of 2nd period - Reid Boucher wins face-off versus Axel Holmstrom in Devils zone.
2:47 of 2nd period - Snap shot by Miikka Salomaki.
2:47 of 2nd period - Shot Misses the Net.
3:03 of 2nd period - Jordan Oesterle is hit by Brett Seney and loses puck.
3:12 of 2nd period - Sean Walker is hit by Conor Garland and loses puck.
3:43 of 2nd period - Charles-Olivier Roussel is hit by Reid Boucher and loses puck.
4:02 of 2nd period - Slapshot by Conor Garland.
4:02 of 2nd period - Stopped by Kaapo Kahkonen with a rebound.
4:04 of 2nd period - Wrist shot by Brett Seney.
4:04 of 2nd period - Shot Misses the Net.
4:06 of 2nd period - Wrist shot by Conor Garland.
4:06 of 2nd period - Shot Misses the Net.
4:08 of 2nd period - Slapshot by Darren Dietz.
4:08 of 2nd period - Deflect By Sean Walker.
4:08 of 2nd period - Stopped by Kaapo Kahkonen without a rebound.
4:09 of 2nd period - Valeri Nichushkin wins face-off versus Jacob Josefson in Crunch zone.
4:18 of 2nd period - Slapshot by Jacob Josefson.
4:18 of 2nd period - Stopped by Calvin Pickard with a rebound.
4:20 of 2nd period - Snap shot by Anthony Cirelli.
4:20 of 2nd period - Shot Blocked by Jake Bean.
4:39 of 2nd period - Snap shot by Teemu Hartikainen.
4:39 of 2nd period - Shot Misses the Net.
4:41 of 2nd period - Wrist shot by Anthony Cirelli.
4:41 of 2nd period - Shot Misses the Net.
4:43 of 2nd period - Snap shot by Anthony Cirelli.
4:43 of 2nd period - Stopped by Calvin Pickard without a rebound.
4:44 of 2nd period - Axel Holmstrom wins face-off versus Reid Boucher in Devils zone.
4:52 of 2nd period - Icing by Joonas Donskoi.
4:53 of 2nd period - Denis Gurianov wins face-off versus Reid Boucher in Devils zone.
4:56 of 2nd period - Snap shot by Brandon Hagel.
4:56 of 2nd period - Shot Misses the Net.
5:02 of 2nd period - Slapshot by Christian Wolanin.
5:02 of 2nd period - Stopped by Kaapo Kahkonen without a rebound.
5:03 of 2nd period - Jacob Josefson wins face-off versus Jonny Brodzinski in Crunch zone.
5:03 of 2nd period - Jacob Josefson is hit by Jonny Brodzinski.
5:31 of 2nd period - Reid Boucher is hit by Axel Holmstrom and loses puck.
5:52 of 2nd period - Slapshot by Darren Dietz.
5:52 of 2nd period - Shot Blocked by Jeremy Lauzon.
6:16 of 2nd period - Snap shot by Brett Howden.
6:16 of 2nd period - Shot Misses the Net.
6:18 of 2nd period - Snap shot by Christian Wolanin.
6:18 of 2nd period - Deflect By Mason Marchment.
6:18 of 2nd period - Shot Blocked by Anatoli Golyshev.
6:18 of 2nd period - Puck is out of play.
6:19 of 2nd period - Jacob Josefson wins face-off versus Brett Howden in Crunch zone.
6:40 of 2nd period - Snap shot by Mason Marchment.
6:40 of 2nd period - Goal by Mason Marchment - Crunch : 1 - Devils : 3.
6:41 of 2nd period - Jacob Josefson wins face-off versus Jonny Brodzinski in neutral zone.
6:48 of 2nd period - Backhand shot by Jacob Josefson.
6:48 of 2nd period - Goal by Jacob Josefson - Crunch : 2 - Devils : 3.
6:49 of 2nd period - Jacob Josefson wins face-off versus Reid Boucher in neutral zone.
7:20 of 2nd period - Wrist shot by Axel Holmstrom.
7:20 of 2nd period - Stopped by Calvin Pickard with a rebound.
7:22 of 2nd period - Snap shot by Axel Holmstrom.
7:22 of 2nd period - Deflect By Denis Gurianov.
7:22 of 2nd period - Shot Blocked by Conor Garland.
7:22 of 2nd period - Puck is out of play.
7:23 of 2nd period - Alan Quine wins face-off versus Connor Bunnaman in Devils zone.
7:23 of 2nd period - Alan Quine is hit by Michael Ferland.
7:38 of 2nd period - Slapshot by Jeremy Lauzon.
7:38 of 2nd period - Stopped by Calvin Pickard without a rebound.
7:39 of 2nd period - Jonny Brodzinski wins face-off versus Jacob Josefson in Devils zone.
8:04 of 2nd period - Denis Gurianov is hit by Joonas Donskoi and loses puck.
8:44 of 2nd period - Off-side.
8:45 of 2nd period - Alan Quine wins face-off versus Anatoli Golyshev in neutral zone.
9:10 of 2nd period - Jacob Josefson is hit by Joonas Donskoi.
9:59 of 2nd period - Wrist shot by Brett Howden.
9:59 of 2nd period - Stopped by Kaapo Kahkonen with a rebound.
10:13 of 2nd period - Slapshot by Charles-Olivier Roussel.
10:13 of 2nd period - Stopped by Calvin Pickard with a rebound.
10:20 of 2nd period - Minor Penalty to Jake Bean for Holding.
10:21 of 2nd period - Alan Quine wins face-off versus Jacob Josefson in Devils zone.
10:31 of 2nd period - Snap shot by Miikka Salomaki.
10:31 of 2nd period - Stopped by Kaapo Kahkonen without a rebound.
10:32 of 2nd period - Alan Quine wins face-off versus Jacob Josefson in Crunch zone.
10:37 of 2nd period - Wrist shot by Alan Quine.
10:37 of 2nd period - Shot Misses the Net.
10:43 of 2nd period - Alan Quine is hit by Roland McKeown and loses puck.
11:12 of 2nd period - Slapshot by Denis Gurianov.
11:12 of 2nd period - Stopped by Calvin Pickard with a rebound.
12:20 of 2nd period - Penalty to Jake Bean is over, Jake Bean is back on ice.
13:38 of 2nd period - Wrist shot by Conor Garland.
13:38 of 2nd period - Shot Misses the Net.
13:58 of 2nd period - Slapshot by Mason Marchment.
13:58 of 2nd period - Goal by Mason Marchment - Crunch : 2 - Devils : 4.
13:59 of 2nd period - Reid Boucher wins face-off versus Jacob Josefson in neutral zone.
14:06 of 2nd period - Damon Severson is hit by Teemu Hartikainen and loses puck.
14:34 of 2nd period - Slapshot by Jeremy Lauzon.
14:34 of 2nd period - Deflect By Brandon Hagel.
14:34 of 2nd period - Stopped by Calvin Pickard with a rebound.
14:50 of 2nd period - Snap shot by Joel Vermin.
14:50 of 2nd period - Goal by Joel Vermin - Crunch : 3 - Devils : 4.
14:51 of 2nd period - Jacob Josefson wins face-off versus Alan Quine in neutral zone.
15:16 of 2nd period - Denis Gurianov is hit by Joonas Donskoi and loses puck.
15:25 of 2nd period - Snap shot by Miikka Salomaki.
15:25 of 2nd period - Shot Blocked by Jordan Oesterle.
15:27 of 2nd period - Slapshot by Ilya Lyubushkin.
15:27 of 2nd period - Shot Misses the Net.
15:39 of 2nd period - Snap shot by Denis Gurianov.
15:39 of 2nd period - Shot Misses the Net.
15:41 of 2nd period - Slapshot by Roland McKeown.
15:41 of 2nd period - Shot Blocked by Christian Wolanin.
15:43 of 2nd period - Slapshot by Jordan Oesterle.
15:43 of 2nd period - Shot Blocked by Jonny Brodzinski.
15:59 of 2nd period - Slapshot by Anatoli Golyshev.
15:59 of 2nd period - Deflect By Blake Lizotte.
15:59 of 2nd period - Shot Misses the Net.
15:59 of 2nd period - Puck is out of play.
16:00 of 2nd period - Alan Quine wins face-off versus Blake Lizotte in Devils zone.
16:26 of 2nd period - Minor Penalty to Teemu Hartikainen for Tripping.
16:27 of 2nd period - Michael Ferland wins face-off versus Alan Quine in Crunch zone.
18:26 of 2nd period - Penalty to Teemu Hartikainen is over, Teemu Hartikainen is back on ice.
19:31 of 2nd period - Max McCormick is hit by Brett Seney and loses puck.
Goals for this period are 2 for Crunch vs 3 for Devils.
Shots for this period are 16 for Crunch vs 11 for Devils.
3rd period
0:01 of 3rd period - Alan Quine wins face-off versus Jacob Josefson in neutral zone.
0:12 of 3rd period - Slapshot by Jacob Josefson.
0:12 of 3rd period - Deflect By Teemu Hartikainen.
0:12 of 3rd period - Shot Misses the Net.
0:12 of 3rd period - Puck is out of play.
0:13 of 3rd period - Alan Quine wins face-off versus Jacob Josefson in Devils zone.
0:13 of 3rd period - Alan Quine is hit by Anthony Cirelli.
1:08 of 3rd period - Joel Vermin is hit by Jonny Brodzinski and loses puck.
1:43 of 3rd period - Snap shot by Valeri Nichushkin.
1:43 of 3rd period - Shot Blocked by Jordan Oesterle.
1:45 of 3rd period - Slapshot by Ondrej Kase.
1:45 of 3rd period - Shot Misses the Net.
1:47 of 3rd period - Slapshot by Robbie Russo.
1:47 of 3rd period - Shot Misses the Net.
1:49 of 3rd period - Slapshot by Ondrej Kase.
1:49 of 3rd period - Goal by Ondrej Kase - Crunch : 3 - Devils : 5.
1:50 of 3rd period - Reid Boucher wins face-off versus Jacob Josefson in neutral zone.
1:54 of 3rd period - Off-side.
1:55 of 3rd period - Jacob Josefson wins face-off versus Reid Boucher in neutral zone.
2:06 of 3rd period - Slapshot by Damon Severson.
2:06 of 3rd period - Shot Blocked by Jordan Oesterle.
3:16 of 3rd period - Minor Penalty to Brett Howden for Hooking.
3:17 of 3rd period - Jacob Josefson wins face-off versus Alan Quine in Devils zone.
5:16 of 3rd period - Penalty to Brett Howden is over, Brett Howden is back on ice.
5:52 of 3rd period - Joel Vermin is hit by Jonny Brodzinski.
6:01 of 3rd period - Off-side.
6:02 of 3rd period - Blake Lizotte wins face-off versus Alan Quine in neutral zone.
6:07 of 3rd period - Snap shot by Anatoli Golyshev.
6:07 of 3rd period - Shot Hit the Post.
6:15 of 3rd period - Backhand shot by Anatoli Golyshev.
6:15 of 3rd period - Goal by Anatoli Golyshev - Crunch : 4 - Devils : 5.
6:16 of 3rd period - Joonas Donskoi wins face-off versus Anthony Cirelli in neutral zone.
6:53 of 3rd period - Slapshot by Roland McKeown.
6:53 of 3rd period - Stopped by Calvin Pickard with a rebound.
7:17 of 3rd period - Darren Dietz is hit by Joel Vermin and loses puck.
8:01 of 3rd period - Snap shot by Jonny Brodzinski.
8:01 of 3rd period - Shot Misses the Net.
9:14 of 3rd period - Snap shot by Michael Ferland.
9:14 of 3rd period - Stopped by Calvin Pickard without a rebound.
9:15 of 3rd period - Jacob Josefson wins face-off versus Alan Quine in Devils zone.
9:22 of 3rd period - Snap shot by Jacob Josefson.
9:22 of 3rd period - Deflect By Anthony Cirelli.
9:22 of 3rd period - Stopped by Calvin Pickard with a rebound.
9:24 of 3rd period - Slapshot by Jordan Oesterle.
9:24 of 3rd period - Stopped by Calvin Pickard with a rebound.
9:40 of 3rd period - Alan Quine is hit by Denis Gurianov and loses puck.
9:59 of 3rd period - Snap shot by Ondrej Kase.
9:59 of 3rd period - Stopped by Kaapo Kahkonen without a rebound.
10:00 of 3rd period - Jacob Josefson wins face-off versus Reid Boucher in Crunch zone.
10:16 of 3rd period - Snap shot by Miikka Salomaki.
10:16 of 3rd period - Stopped by Kaapo Kahkonen with a rebound.
10:32 of 3rd period - Slapshot by Christian Wolanin.
10:32 of 3rd period - Goal by Christian Wolanin - Crunch : 4 - Devils : 6.
10:33 of 3rd period - Valeri Nichushkin wins face-off versus Jacob Josefson in neutral zone.
10:41 of 3rd period - Minor Penalty to Teemu Hartikainen for Cross-checking.
10:42 of 3rd period - Axel Holmstrom wins face-off versus Alan Quine in Crunch zone.
11:16 of 3rd period - Slapshot by Damon Severson.
11:16 of 3rd period - Deflect By Miikka Salomaki.
11:16 of 3rd period - Shot Misses the Net.
11:16 of 3rd period - Puck is out of play.
11:17 of 3rd period - Reid Boucher wins face-off versus Axel Holmstrom in Crunch zone.
11:32 of 3rd period - Slapshot by Reid Boucher.
11:32 of 3rd period - Stopped by Kaapo Kahkonen with a rebound.
12:15 of 3rd period - Snap shot by Miikka Salomaki.
12:15 of 3rd period - Shot Misses the Net.
12:23 of 3rd period - Wrist shot by Miikka Salomaki.
12:23 of 3rd period - Stopped by Kaapo Kahkonen without a rebound.
12:24 of 3rd period - Alan Quine wins face-off versus Axel Holmstrom in Crunch zone.
12:41 of 3rd period - Penalty to Teemu Hartikainen is over, Teemu Hartikainen is back on ice.
12:49 of 3rd period - Conor Garland is hit by Anatoli Golyshev and loses puck.
13:10 of 3rd period - Slapshot by Teemu Hartikainen.
13:10 of 3rd period - Shot Blocked by Christian Wolanin.
13:33 of 3rd period - Snap shot by Brandon Hagel.
13:33 of 3rd period - Stopped by Calvin Pickard without a rebound.
13:34 of 3rd period - Axel Holmstrom wins face-off versus Alan Quine in Devils zone.
13:35 of 3rd period - Wrist shot by Brandon Hagel.
13:35 of 3rd period - Shot Misses the Net.
13:43 of 3rd period - Slapshot by Alan Quine.
13:43 of 3rd period - Deflect By Brandon Hagel.
13:43 of 3rd period - Goal by Alan Quine - Crunch : 4 - Devils : 7.
13:44 of 3rd period - Reid Boucher wins face-off versus Jacob Josefson in neutral zone.
13:55 of 3rd period - Slapshot by Darren Dietz.
13:55 of 3rd period - Shot Misses the Net.
13:57 of 3rd period - Snap shot by Damon Severson.
13:57 of 3rd period - Stopped by Kaapo Kahkonen with a rebound.
14:09 of 3rd period - Darren Dietz is hit by Brandon Hagel and loses puck.
14:18 of 3rd period - Slapshot by Christian Wolanin.
14:18 of 3rd period - Stopped by Kaapo Kahkonen without a rebound.
14:19 of 3rd period - Reid Boucher wins face-off versus Jacob Josefson in Crunch zone.
14:27 of 3rd period - Off-side.
14:28 of 3rd period - Jacob Josefson wins face-off versus Reid Boucher in neutral zone.
15:22 of 3rd period - Darren Dietz is hit by Jacob Josefson and loses puck.
15:51 of 3rd period - Snap shot by Teemu Hartikainen.
15:51 of 3rd period - Stopped by Calvin Pickard without a rebound.
15:52 of 3rd period - Alan Quine wins face-off versus Axel Holmstrom in Devils zone.
16:07 of 3rd period - Snap shot by Denis Gurianov.
16:07 of 3rd period - Stopped by Calvin Pickard without a rebound.
16:08 of 3rd period - Connor Bunnaman wins face-off versus Conor Garland in Devils zone.
16:09 of 3rd period - Snap shot by Michael Ferland.
16:09 of 3rd period - Shot Misses the Net.
16:17 of 3rd period - Wrist shot by Conor Garland.
16:17 of 3rd period - Shot Misses the Net.
16:35 of 3rd period - Icing by Michael Ferland.
16:36 of 3rd period - Brett Howden wins face-off versus Connor Bunnaman in Crunch zone.
16:37 of 3rd period - Slapshot by Robbie Russo.
16:37 of 3rd period - Goal by Robbie Russo - Crunch : 4 - Devils : 8.
16:38 of 3rd period - Jacob Josefson wins face-off versus Alan Quine in neutral zone.
17:03 of 3rd period - Ilya Lyubushkin is hit by Brandon Hagel and loses puck.
17:22 of 3rd period - Wrist shot by Brett Seney.
17:22 of 3rd period - Shot Blocked by Joel Vermin.
17:24 of 3rd period - Snap shot by Conor Garland.
17:24 of 3rd period - Stopped by Kaapo Kahkonen without a rebound.
17:25 of 3rd period - Jonny Brodzinski wins face-off versus Connor Bunnaman in Crunch zone.
17:50 of 3rd period - Sean Walker is hit by Jonny Brodzinski and loses puck.
18:19 of 3rd period - Wrist shot by Blake Lizotte.
18:19 of 3rd period - Shot Blocked by Conor Garland.
18:29 of 3rd period - Slapshot by Darren Dietz.
18:29 of 3rd period - Shot Blocked by Brandon Hagel.
18:31 of 3rd period - Wrist shot by Alan Quine.
18:31 of 3rd period - Stopped by Kaapo Kahkonen with a rebound.
18:33 of 3rd period - Snap shot by Alan Quine.
18:33 of 3rd period - Shot Blocked by Brendan Guhle.
18:35 of 3rd period - Snap shot by Alan Quine.
18:35 of 3rd period - Stopped by Kaapo Kahkonen without a rebound.
18:36 of 3rd period - Alan Quine wins face-off versus Jacob Josefson in Crunch zone.
19:01 of 3rd period - Ilya Lyubushkin is hit by Axel Holmstrom and loses puck.
19:29 of 3rd period - Snap shot by Brett Howden.
19:29 of 3rd period - Stopped by Kaapo Kahkonen with a rebound.
19:31 of 3rd period - Snap shot by Eeli Tolvanen.
19:31 of 3rd period - Stopped by Kaapo Kahkonen with a rebound.
19:33 of 3rd period - Slapshot by Robbie Russo.
19:33 of 3rd period - Stopped by Kaapo Kahkonen without a rebound.
19:34 of 3rd period - Jacob Josefson wins face-off versus Alan Quine in Crunch zone.
19:43 of 3rd period - Backhand shot by Valeri Nichushkin.
19:43 of 3rd period - Shot Misses the Net.
Goals for this period are 1 for Crunch vs 4 for Devils.
Shots for this period are 8 for Crunch vs 16 for Devils.